 Dungeon Crawl Stone Soup version 0.29.1-1-gd02db6906a (webtiles) character file.

Game seed: 10364265286927963392

2 lonewolfV2 the Caller (level 1, -1/7 HPs)
             Began as a Felid Summoner on Oct 17, 2022.
             Slain by a kobold
             ... wielding a +0 dagger
              (2 damage)
             ... on level 1 of the Dungeon.
             The game lasted 00:00:26 (90 turns).

lonewolfV2 the Caller (Felid Summoner)                Turns: 90, Time: 00:00:28

Health: -1/7       AC:  1    Str:  4    XL:     1   Next: 25%
Magic:  3/4        EV: 17    Int: 16    God:
Gold:   0          SH:  0    Dex: 16    Spells: 3/4 levels left
                                        Lives:  0   Deaths: 0

rFire   . . .      SeeInvis +   (weapon unavailable)
rCold   . . .      Faith    .   (shield unavailable)
rNeg    . . .      Spirit   .   (body armour unavailable)
rPois   .          Reflect  .   (helmet unavailable)
rElec   .          Harm     .   (cloak unavailable)
rCorr   .          Rampage  .   (gloves unavailable)
Will    .....                   (boots unavailable)
Stlth   ++........              (no amulet)
HPRegen 0.02/turn               (no ring)
MPRegen 0.09/turn               (no ring)

@: quick
A: very small, claws 1, fangs 3, see invisible, speed 1, shaggy fur 1, stealthy
paws, no weapons or thrown items, no armour, multi-lived
a: no special abilities


You were on level 1 of the Dungeon.
You visited 1 branch of the dungeon, and saw 1 of its levels.

Inventory:

Potions
 a - a potion of magic


   Skills:
 + Level 2.7 Dodging
 + Level 2.7 Stealth
 + Level 2.0 Spellcasting
 + Level 4.0 Summonings


You had 3 spell levels left.
You knew the following spells:

 Your Spells              Type           Power      Damage    Failure   Level
a - Summon Small Mammal   Summ           56%        N/A       4%          1

Your spell library contained the following spells:

 Spells                   Type           Power      Damage    Failure   Level
 Call Imp                 Summ           14%        N/A       6%          2
 Call Canine Familiar     Summ           14%        N/A       12%         3
 Summon Guardian Golem    Hex/Summ       8%         N/A       26%         3
 Summon Lightning Spire   Summ/Air       8%         N/A       65%         4


Dungeon Overview and Level Annotations

Branches:
Dungeon (1/15)

Altars:


Innate Abilities, Weirdness & Mutations

You have sharp claws.
You have razor-sharp teeth.
You have supernaturally acute eyesight. (SInv)
You cover ground quickly. (Speed+)
You are covered in fur. (AC +1)
Your paws help you pounce on unaware monsters.
You are incapable of wielding weapons or throwing items.
You cannot wear armour.
You gain extra lives every three experience levels.


Message History

There is an open gate here.
Something hits your bat.
There is an open gate here.
You swap places.
Your bat hits the goblin.
Your bat closely misses the goblin.
The goblin closely misses your bat.
Your bat closely misses the goblin.
There is an open gate here.
Your bat misses the goblin.
Your bat completely misses the goblin. x2
Your bat hits the goblin.
The goblin hits your bat with a +0 dagger.
Your bat closely misses the goblin.
There is an open gate here.
Your bat hits the goblin.
Your bat barely misses the goblin. x2
Your bat hits the goblin. The goblin barely misses your bat.
There is an open gate here.
Your bat hits the goblin.
The goblin dies!
There is an open gate here.
Your bat hits the dart slug.
There is an open gate here.
Your bat hits the dart slug but does no damage. x2
Your bat hits the dart slug.
The kobold throws a stone.
The stone closely misses you.
There is an open gate here.
Your bat hits the dart slug.
Your bat hits the dart slug but does no damage.
Your bat hits the kobold but does no damage.
The dart slug closely misses your bat.
There is an open gate here.
Sorry, you're not good enough to have a special ability.
Your bat hits the dart slug but does no damage.
Your bat misses the kobold. The kobold completely misses you.
There is an open gate here.
Your bat hits the dart slug but does no damage. x2
Your bat barely misses the dart slug.
The dart slug launches a dart at you. The slug dart hits your bat.
Your bat dies!
Your bat's corpse disappears in a puff of smoke!
The kobold hits you with a +0 dagger.
You die...

#.# #.# #.###
#.).##
###.w########
##b§.#8.#.#
###)#'#..#
#.K'#.<#
###@#..#
#8.#.# ######


You could see a dart slug (ally target), a kobold and a friendly bat (summoned).

Vanquished Creatures (collateral kills)
  A goblin (D:1)
  A kobold (D:1)
2 creatures vanquished.

Notes
Turn   | Place    | Note
-------+----------+-------------------------------------------
     0 | D:1      | lonewolfV2 the Felid Summoner began the quest for the Orb.
     0 | D:1      | Reached XP level 1. HP: 7/7 MP: 4/4
    90 | D:1      | Slain by a kobold

Illustrated notes

Levels and vault maps discovered:
D:1:      saegor_arrival_simple_c, layout_rooms,
          shapermc_ecumenical_altar_hornbeckon, chequers_garden

Action                   || total
-------------------------++-------
 Cast: Summon Small Mamm ||     5
Armor: Skin              ||     1
Dodge: Dodged            ||     4
